 Dungeon Crawl Stone Soup version 0.24.0-13-gcf9b319 (webtiles) character file.

Game seed: 1688066218087535170, levelgen mode: deterministic

39 A7mans1 the Conjurer (level 3, 0/27 HPs)
             Began as a Human Wanderer on Dec 30, 2019.
             Slain by a leopard gecko (5 damage)
             ... on level 2 of the Dungeon.
             The game lasted 00:03:53 (869 turns).

A7mans1 the Conjurer (Human Wanderer)                Turns: 869, Time: 00:03:54

Health: 0/27       AC:  2    Str: 12    XL:     3   Next: 70%
Magic:  1/4        EV: 12    Int: 13    God:
Gold:   90         SH:  0    Dex: 12    Spells: 3/4 levels left

rFire    . . .     SeeInvis .   b - +0 short sword
rCold    . . .     Gourm    .   (no shield)
rNeg     . . .     Faith    .   d - +0 robe
rPois    .         Spirit   .   (no helmet)
rElec    .         Reflect  .   (no cloak)
rCorr    .         Harm     .   (no gloves)
MR       .....                  (no boots)
Stlth    ++........             (no amulet)
HPRegen  0.09/turn              (no ring)
MPRegen  0.09/turn              (no ring)

@: very slightly contaminated
A: no striking features
a: no special abilities


You were on level 2 of the Dungeon.
You were hungry.

You visited 1 branch of the dungeon, and saw 2 of its levels.

You collected 90 gold pieces.

Inventory:

Hand Weapons
 b - a +0 short sword (weapon)
Armour
 d - a +0 robe (worn)
Scrolls
 a - a scroll of remove curse {unknown}
 g - a scroll of amnesia {unknown}
 h - a scroll of teleportation {unknown}
Potions
 c - 2 potions of lignification
 e - a potion of heal wounds {unknown}
Comestibles
 f - 3 rations


   Skills:
 + Level 1.7 Fighting
 * Level 1.3 Short Blades
   Level 1.0 Polearms
 + Level 1.4 Dodging
 + Level 2.3 Stealth
 + Level 1.1 Spellcasting
 + Level 2.3 Conjurations
   Level 2.0 Evocations


You had 3 spell levels left.
You knew the following spells:

 Your Spells              Type           Power        Failure   Level  Hunger
a - Magic Dart            Conj           #...         11%         1    ##.....

Your spell library contained the following spells:

 Spells                   Type           Power        Failure   Level  Hunger
 Searing Ray              Conj           #.....       16%         2    ###....
 Shroud of Golubria       Chrm/Tloc      #.....       38%         2    ###....
 Swiftness                Chrm/Air       #.......     38%         2    ###....
 Dazzling Spray           Conj/Hex       #.....       45%         3    ####...
 Iskenderun's Mystic Bla  Conj           #.......     71%         4    #####..
 Force Lance              Conj/Tloc      #.......     86%         4    #####..
 Fulminant Prism          Conj/Hex       #.........   86%         4    #####..


Dungeon Overview and Level Annotations

Branches:
Dungeon (2/15)

Altars:


Message History

Aiming: Magic Dart (safe; 11% risk of failure)
Press: ? - help, Shift-Dir - straight line, f - leopard gecko
Aim: a leopard gecko (clinging, hasn't noticed you)
You miscast Magic Dart.
You are very lightly contaminated with residual magic.
Your skin tingles.
You feel sick.
You are no longer poisoned.
You closely miss the leopard gecko. The leopard gecko bites you.
* * * LOW HITPOINT WARNING * * *
You hit the leopard gecko but do no damage.
The leopard gecko closely misses you.
You hit the leopard gecko.
The leopard gecko is moderately wounded.
The leopard gecko closely misses you.
You hit the leopard gecko but do no damage.
The leopard gecko is moderately wounded.
The leopard gecko bites you.
* * * LOW HITPOINT WARNING * * *
The leopard gecko bites you.
You die...

#.. #.# ... #...
#.##....# #... #.##....#
#.... #.##....#
#....##.##....####.
#....>#...............
#..................
#..#....l.....!....
#..#....@#####...[
#...............#
#.##...............#
#..................#
#####..............#
#######
#......#+#†#######......
#.#+#..#.#.##.......###.
#. #..#.#.##.........#.
#. #..#...##.........#.


You could see a leopard gecko.

Vanquished Creatures
  An adder (D:2)
  A dart slug (D:2)
  A leopard gecko (D:1)
  2 ball pythons
  2 giant cockroaches (D:2)
  4 goblins
  6 bats
  3 frilled lizards (D:1)
  4 kobolds (D:1)
  3 rats (D:1)
27 creatures vanquished.

Notes
Turn   | Place    | Note
-------+----------+-------------------------------------------
     0 | D:1      | A7mans1 the Human Wanderer began the quest for the Orb.
     0 | D:1      | A7mans1 set off with the following items: a +0 dagger, a
                  | potion of lignification, a +0 robe, a ration; and the
                  | following spell memorised: Magic Dart; and the following
                  | spells available to memorise: Searing Ray, Shroud of
                  | Golubria, Swiftness, Dazzling Spray, Iskenderun's Mystic
                  | Blast, Force Lance, Fulminant Prism
     0 | D:1      | Reached XP level 1. HP: 15/15 MP: 2/2
   144 | D:1      | Reached XP level 2. HP: 21/21 MP: 3/3
   393 | D:1      | Reached skill level 1 in Short Blades
   483 | D:1      | Reached XP level 3. HP: 13/26 MP: 0/4
   869 | D:2      | Slain by a leopard gecko

Levels and vault maps discovered:
D:1:      kennysheep_arrival_forest, layout_basic, minmay_tree_intersection,
          hangedman_abyss_or_decor_stabs, serial_park_tiny_2, interstate_on_off
D:2:      minmay_wonky_spiral, layout_basic, old_standard_altar, first_ration,
          grunt_decor_fettered

Skill      XL: |  1  2 |
---------------+-------+-----
Short Blades   | 1 |  1.3
Fighting       | |  1.7
Polearms       | |  1.0
Dodging        | |  1.4
Stealth        | |  2.3
Spellcasting   | |  1.1
Conjurations   | |  2.3
Evocations     | |  2.0

Action                   || total
-------------------------++-------
Melee: Short sword       ||    96
       Dagger            ||     1
 Cast: Magic Dart        ||    15
 Stab: Sleeping          ||     5
Armor: Robe              ||    18
Dodge: Dodged            ||    71
